 Dungeon Crawl Stone Soup version 0.27-a0-1296-g8ece459b43 (webtiles) character file.

Game seed: 14425404050446447573

3829 27snakeeyes612 the Protected (level 10, 0/65 HPs)
             Began as a Gargoyle Fighter on June 16, 2021.
             Was an Initiate of Makhleb.
             Killed by divine providence
             ... invoked by an orc priest
              (9 damage)
             ... on level 8 of the Dungeon.
             The game lasted 00:09:21 (10037 turns).

27snakeeyes612 the Protected (Gargoyle Fighter)    Turns: 10037, Time: 00:09:22

Health: 0/65       AC: 30    Str: 28    XL:     10   Next: 17%
Magic:  0/10       EV:  4    Int:  8    God:    Makhleb [......]
Gold:   446        SH: 12    Dex:  9    Spells: 9/9 levels left

rFire    + . .     SeeInvis +   a - +1 flail (drain)
rCold    + + .     Faith    .   c - +0 kite shield
rNeg     + . .     Spirit   +   G - +0 gold dragon scales
rPois    ∞         Reflect  .   (no helmet)
rElec    +         Harm     .   w - +1 cloak
rCorr    .         Rampage  .   F - +0 pair of gloves
Will     .....                  m - +1 pair of boots
Stlth    ..........             g - amulet "Noetavy" {Spirit rC+}
HPRegen  0.20/turn              x - ring of see invisible
MPRegen  0.12/turn              A - ring of Entrepreneurial Spirit {rPois Str+4}

@: about to teleport
A: sickness immunity, AC +7, negative energy resistance 1, electricity
resistance, torment resistance 1, petrification resistance
a: Renounce Religion


You were on level 8 of the Dungeon.
You worshipped Makhleb.
Makhleb was noncommittal.
You visited 2 branches of the dungeon, and saw 9 of its levels.

You collected 446 gold pieces.

Inventory:

Hand Weapons
 a - a +1 flail of draining (weapon)
Missiles
 d - 2 throwing nets
 D - 3 atropa-tipped darts
Armour
 b - a +0 scale mail
 c - a +0 kite shield (worn)
 m - a +1 pair of boots (worn)
 s - a +0 chain mail
 w - a +1 cloak (worn)
 E - a +0 plate armour
 F - a +0 pair of gloves (worn)
 G - +0 gold dragon scales (worn)
Jewellery
 g - the amulet "Noetavy" (around neck) {Spirit rC+}
   (You acquired it on level 6 of the Dungeon)

   [amulet of guardian spirit]

   It causes incoming damage to be divided between your reserves of health and
   magic.
   It protects you from cold.
 x - a ring of see invisible (left hand)
 A - the ring of Entrepreneurial Spirit (right hand) {rPois Str+4}
   (You found it on level 4 of the Dungeon)

   [ring of poison resistance]

   It affects your strength (+4).
   It protects you from poison.
Wands
 h - a wand of iceblast (3) (quivered)
 v - a wand of flame (14)
Scrolls
 e - 4 scrolls of magic mapping
 l - 2 scrolls of amnesia
 n - 2 scrolls of enchant weapon
 q - 4 scrolls of identify
 u - a scroll of teleportation
 y - a scroll of fear
 H - a scroll of summoning {unknown}
Potions
 f - 6 potions of curing {unknown}
 i - a potion of lignification {unknown}
 j - a potion of magic {unknown}
 k - 5 potions of heal wounds {unknown}
 o - 3 potions of attraction {unknown}
 p - 2 potions of ambrosia {unknown}
 r - a potion of invisibility {unknown}
 t - a potion of degeneration {unknown}
 z - 3 potions of might
 B - a potion of haste {unknown}


   Skills:
 + Level 8.5 Fighting
 + Level 7.5 Maces & Flails
 + Level 8.5 Armour
 + Level 8.5 Shields


You had 9 spell levels left.
You didn't know any spells.
Your spell library contained the following spells:

 Spells                   Type           Power      Damage    Failure   Level
 Shock                    Conj/Air       0%         1d3       100%        1
 Summon Small Mammal      Summ           0%         N/A       100%        1
 Call Imp                 Summ           0%         N/A       100%        2
 Static Discharge         Conj/Air       0%         N/A       100%        2
 Call Canine Familiar     Summ           0%         N/A       100%        3
 Confusing Touch          Hex            0%         N/A       100%        3
 Gell's Gravitas          Tloc           0%         N/A       100%        3
 Summon Guardian Golem    Hex/Summ       0%         N/A       100%        3
 Swiftness                Air            0%         N/A       100%        3
 Airstrike                Air            0%         N/A       100%        4
 Petrify                  Tmut/Erth      0%         N/A       100%        4
 Summon Ice Beast         Ice/Summ       0%         N/A       100%        4
 Summon Lightning Spire   Summ/Air       0%         N/A       100%        4
 Lightning Bolt           Conj/Air       0%         1d11      100%        5
 Metabolic Englaciation   Hex/Ice        0%         N/A       100%        5
 Yara's Violent Unravell  Hex/Tmut       0%         3d3       100%        5


Dungeon Overview and Level Annotations

Branches:
Dungeon (8/15)             Temple (1/1) D:6
   Lair: D:8-11

Altars:
Ashenzari
Cheibriados
Dithmenos
Elyvilon
Gozag
Hepliaklqana
Kikubaaqudgha
Makhleb
Nemelex Xobeh
Okawaru
Qazlal
Ru
Sif Muna
Trog
Uskayaw
Vehumet
Xom
Yredelemnul
Zin
The Shining One

Shops:
D:8 (

Annotations:
D:5 2 transporters
D:7 2 transporters, ohados's ghost, novice HOFi


Innate Abilities, Weirdness & Mutations

You are immune to sickness and miasma.
Your stone body is resilient. (AC +7)
You are immune to poison.
You resist negative energy. (rN+)
You are resistant to electric shocks. (rElec)
You are resistant to unholy torment.
You are immune to petrification.


Message History

You are too injured to fight recklessly!
Blink to where?
Press: ? - help, Dir - move target
As you read the scroll of blinking, it crumbles to dust.
The orc wizard points at you and mumbles some strange words.
You are confused.
You bump into the rock wall.
You bump into the rock wall.
The orc priest invokes the aid of Beogh against you.
Beogh smites you!
* * * LOW HITPOINT WARNING * * *
You are too confused!
Unknown command.
You bump into the rock wall.
The orc wizard hits you but does no damage.
You bump into the rock wall.
The orc wizard gestures at you while chanting.
The magic dart hits you but does no damage.
You bump into the rock wall.
The orc wizard hits you but does no damage.
The orc priest barely misses you.
You hit the orc priest. You drain the orc priest.
The orc priest is severely wounded.
The orc wizard hits you but does no damage.
The orc priest hits you but does no damage.
The orc wizard hits you but does no damage.
You bump into the rock wall.
You feel less confused.
The orc priest hits you but does no damage.
The orc wizard hits you but does no damage.
As you read the scroll of teleportation, it crumbles to dust.
You feel strangely unstable. You block the orc priest's attack.
Okay, then.
The orc priest calls down the wrath of Beogh upon you.
Beogh smites you!
* * * LOW HITPOINT WARNING * * *
The orc priest looks encouraged for a moment.
The orc priest calls down the wrath of Beogh upon you.
Beogh smites you!
You die...

......o..##.##.###
.###....#.C....... #
......###.o...... #. ######
#oo###.### #. #..#o# #.
#.##o# ## #.##.# #.##.#
#.##@# #.####### #.##.#
#.##..... #.##.# #.##.####
#.#..# #.##.# #.#.##
.##.##.# #.#.# #.##.##.#
#.#####.#.######.##.##)####
#.................).[.<....
..#######[......[..##...#.#


You could see a cyclops (drained), an orc warrior, 2 orc priests, an orc wizard
(invisible) and an orc.

Vanquished Creatures
  A two-headed ogre (D:7)
  Grinder (D:5)
  A troll (D:7)
  A wraith (D:5)
  A steam dragon (D:7)
  Duvessa (D:6)
  A black bear (D:5)
  2 sky beasts
  2 orc warriors
  3 ogres
  2 necrophages
  2 centaurs
  A kobold brigand (D:4)
  A bullfrog (D:7)
  A gnoll sergeant (D:6)
  Dowan (D:6)
  A water moccasin skeleton (D:4)
  5 wights (D:7)
  A howler monkey (D:7)
  A vampire bat (D:3)
  A gnoll shaman (D:7)
  A hound (D:6)
  A jelly (D:5)
  5 orc priests
  Crazy Yiuf (D:3)
  A centaur skeleton (D:7)
  An orc wizard (D:7)
  An iguana (D:5)
  A howler monkey zombie (D:6)
  6 adders
  18 gnolls
  2 howler monkey skeletons
  A shadow imp (D:7)
  2 white imps
  3 dart slugs
  11 orcs
  2 spectral bats (D:3)
  6 ball pythons
  14 bats
  3 bat skeletons (D:3)
  A bat zombie (D:3)
  3 endoplasms
  3 fire bats (D:3)
  2 giant cockroaches
  4 goblins
  9 hobgoblins
  6 jackals
  4 quokkas
  A bat simulacrum (D:3)
  3 frilled lizards (D:1)
  39 kobolds
  A quokka skeleton (D:4)
  6 rats
193 creatures vanquished.

Notes
Turn   | Place    | Note
-------+----------+-------------------------------------------
     0 | D:1      | 27snakeeyes612 the Gargoyle Fighter began the quest for the
                  | Orb.
     0 | D:1      | Reached XP level 1. HP: 14/14 MP: 1/1
   152 | D:1      | Found a faded altar of an unknown god.
   367 | D:1      | Reached XP level 2. HP: 19/19 MP: 2/2
  1115 | D:2      | Reached XP level 3. HP: 20/23 MP: 3/3
  1944 | D:3      | Found a runed translucent door.
  1945 | D:3      | Noticed Crazy Yiuf
  2123 | D:3      | Reached XP level 4. HP: 29/29 MP: 4/4
  2188 | D:3      | Reached XP level 5. HP: 33/33 MP: 5/5
  2921 | D:3      | Found a sparkling altar of Nemelex Xobeh.
  3300 | D:3      | Killed Crazy Yiuf
  3301 | D:3      | Reached XP level 6. HP: 32/39 MP: 4/6
  3427 | D:4      | Found a bloodstained altar of Trog.
  3487 | D:4      | Found a snail-covered altar of Cheibriados.
  3488 | D:4      | Noticed a +0 hand axe
  3490 | D:4      | Noticed a +0 dagger
  3492 | D:4      | Found a hide-covered altar of Uskayaw.
  4133 | D:4      | Noticed a necrophage
  4155 | D:4      | Killed a necrophage
  4156 | D:4      | Reached skill level 5 in Fighting
  4156 | D:4      | Reached skill level 5 in Armour
  4156 | D:4      | Reached skill level 5 in Shields
  4156 | D:4      | Reached XP level 7. HP: 31/44 MP: 7/7
  4711 | D:4      | Identified the ring of Entrepreneurial Spirit {rPois Str+4}
  5678 | D:5      | Entered Level 5 of the Dungeon
  5679 | D:5      | Noticed Grinder
  5684 | D:5      | Paralysed by Grinder for 6 turns
  5708 | D:5      | Killed Grinder
  5709 | D:5      | Reached skill level 5 in Maces & Flails
  5709 | D:5      | Reached XP level 8. HP: 33/51 MP: 8/8
  6081 | D:5      | Noticed a wraith
  6100 | D:5      | Killed a wraith
  6211 | D:5      | Found a transporter.
  6213 | D:5      | Found a white marble altar of Elyvilon.
  6213 | D:5      | Noticed a vampire
  6231 | D:5      | Found a transporter.
  6794 | D:6      | Identified a scroll of acquirement
  6794 | D:6      | Acquired the amulet "Noetavy" {Spirit rC+}
  6940 | D:6      | Found a staircase to the Ecumenical Temple.
  7327 | D:6      | Found an iron altar of Okawaru.
  7466 | D:7      | Reached XP level 9. HP: 35/56 MP: 6/9
  7589 | D:7      | Found a transporter.
  7590 | D:7      | Found a transporter.
  7590 | D:7      | Noticed ohados's ghost (novice HOFi)
  7590 | D:7      | Identified the +7 dire flail of Hospitality {vorpal, Dex+2}
  7590 | D:7      | Noticed a two-headed ogre
  7599 | D:7      | Found a shimmering blue altar of Sif Muna.
  8057 | Temple   | Entered the Ecumenical Temple
  8289 | D:7      | Noticed Duvessa
  8289 | D:7      | Noticed Dowan
  8310 | D:6      | Killed Duvessa
  8311 | D:6      | Killed Dowan
  8411 | D:7      | Found a glowing golden altar of the Shining One.
  8449 | D:7      | Noticed a two-headed ogre
  8456 | D:7      | Killed a two-headed ogre
  8694 | D:7      | Found a burning altar of Makhleb.
  8758 | D:7      | Found an opulent altar of Gozag.
  8954 | D:7      | Became a worshipper of Makhleb the Destroyer
  8990 | D:8      | Noticed a troll
  9183 | D:7      | Killed a troll
  9196 | D:7      | Reached XP level 10. HP: 28/64 MP: 6/10
  9646 | D:8      | Found Dedaykiest's Weapon Emporium.
 10017 | D:8      | Noticed a cyclops
 10037 | D:8      | Killed from afar by an orc priest

Illustrated notes

Levels and vault maps discovered:
D:1:      dpeg_arrival_oval, layout_basic,
          hellmonk_ecumenical_altar_heavens_door
D:2:      layout_basic
D:3:      layout_basic, nicolae_overflow_hidden_temple, serial_rivers,
          chequers_serial_rivers_room_b, chequers_serial_rivers_large_a,
          chequers_serial_rivers_micro_d, chequers_serial_rivers_micro_d,
          chequers_serial_rivers_room_b, chequers_serial_rivers_small_3,
          goddamned_bats, uniq_crazy_yiuf_cottage
D:4:      minmay_goblin_kobold_castle, layout_rooms, dancing_weapons_uskayaw,
          cheibriados_altar_1, trog_book, minmay_misc_feat_columns,
          serial_bayou_crossing
D:5:      layout_rooms, gammafunk_temple_overflow_arena, enter_ossuary_1,
          hangedman_abyss_or_decor_passed, uniq_grinder
D:6:      layout_basic, okawaru_gym_becter, minmay_temple_entry_metal_lava
D:7:      layout_basic, lemuel_coloured_pillars_altar, tso_oasis_becter,
          grunt_gozag_breadcrumbs, nicolae_overflow_crystal_walls,
          gammafunk_ghost_smash, uniq_duvessa
D:8:      layout_loops_ring, fedhas_ov_isle_minmay, serial_shops, shop,
          uniq_pikel
Temple:   jpeg_temple_alley_garden

Skill      XL: |  1  2  3  4  5  6  7  8  9 |
---------------+----------------------------+-----
Fighting       | 4 5 6 8 |  8.5
Maces & Flails | 3 4 5 7 |  7.5
Armour         | 4 5 6 8 |  8.5
Shields        | 4 5 6 8 |  8.5

Action                   |  1- 3 |  4- 6 |  7- 9 | 10-12 || total
-------------------------+-------+-------+-------+-------++-------
Melee: Flail             |   110 |   203 |   436 |    90 ||   839
Evoke: Wand              |       |       |     4 |       ||     4
  Use: Potion            |       |     1 |       |       ||     1
       Scroll            |       |       |    12 |     2 ||    14
Armor: Scale mail        |    90 |       |       |       ||    90
       Chain mail        |    15 |   305 |   215 |       ||   535
       Plate armour      |       |       |   122 |       ||   122
       Gold dragon scale |       |       |    22 |    79 ||   101
Dodge: Dodged            |    71 |    75 |   129 |    18 ||   293
Block: Kite shield       |    98 |   184 |   366 |    66 ||   714

Table legend: (Time is in decaauts)
 A = Elapsed time spent in this place.
 B = Non-inter-level travel time spent in this place.
 C = Inter-level travel time spent in this place.
 D = Time resting spent in this place.
 E = Time spent auto-exploring this place.
 F = Levels seen in this place.
 G = Mean time per level.
                   A        B        C        D        E       F      G
               +--------+--------+--------+--------+--------+-----+--------+
         Total |  10371 |   9737 |    634 |    831 |   7038 |   9 | 1152.3 |
       Dungeon |  10159 |   9563 |    596 |    831 |   6865 |   8 | 1269.9 |
        Temple |    211 |    174 |     37 |      0 |    173 |   1 |  211.0 |
               +--------+--------+--------+--------+--------+-----+--------+

Top non-repeatable levels by time:
     D:4: 2395 daAuts
     D:7: 1949 daAuts
     D:3: 1547 daAuts
     D:2: 1066 daAuts
     D:5: 1026 daAuts
     D:1: 920 daAuts
     D:6: 801 daAuts
     D:8: 451 daAuts
  Temple: 211 daAuts
